 Dungeon Crawl Stone Soup version 0.29-a0-284-gf9362112df (webtiles) character file.

Game seed: 1241290129096949936

13 gzilladon the Sneak (level 2, 0/13 HPs)
             Began as a Spriggan Enchanter on Mar 23, 2022.
             Slain by a bat (1 damage)
             ... on level 1 of the Dungeon.
             The game lasted 00:04:49 (277 turns).

gzilladon the Sneak (Spriggan Enchanter)             Turns: 277, Time: 00:04:50

Health: 0/13       AC:  2    Str:  4    XL:     2   Next: 24%
Magic:  7/7        EV: 17    Int: 16    God:
Gold:   10         SH:  0    Dex: 15    Spells: 7/7 levels left

rFire   . . .      SeeInvis +   a - +1 dagger
rCold   . . .      Faith    .   (no shield)
rNeg    . . .      Spirit   .   b - +0 robe
rPois   .          Reflect  .   (helmet restricted)
rElec   .          Harm     .   (no cloak)
rCorr   .          Rampage  .   (gloves unavailable)
Will    .....                   (boots unavailable)
Stlth   +++.......              (no amulet)
HPRegen 0.04/turn               (no ring)
MPRegen 0.10/turn               (no ring)

@: very quick
A: very small, no large weapons, unfitting armour, see invisible, speed 3
a: no special abilities


You were on level 1 of the Dungeon.
You visited 1 branch of the dungeon, and saw 1 of its levels.

You collected 10 gold pieces.

Inventory:

Hand Weapons
 a - a +1 dagger (weapon)
Missiles
 e - 2 boomerangs (quivered)
Armour
 b - a +0 robe (worn)
Magical Staves
 d - a staff of air
Potions
 c - 2 potions of invisibility
 f - a potion of flight {unknown}


   Skills:
 + Level 1.3 Short Blades
 + Level 2.7 Dodging
 + Level 4.8 Stealth
 + Level 3.0 Spellcasting
 + Level 3.9 Hexes


You had 7 spell levels left.
You didn't know any spells.
Your spell library contained the following spells:

 Spells                   Type           Power      Damage    Failure   Level
 Confusing Touch          Hex            14%        N/A       11%         3
 Tukima's Dance           Hex            14%        N/A       11%         3
 Ensorcelled Hibernation  Hex/Ice        16%        N/A       13%         2
 Dazzling Flash           Conj/Hex       16%        N/A       26%         3


Dungeon Overview and Level Annotations

Branches:
Dungeon (1/15)

Altars:

Shops:
D:1 [


Innate Abilities, Weirdness & Mutations

You are very small and have problems with some larger weapons.
You are too small for most types of armour.
You have supernaturally acute eyesight. (SInv)
You cover ground extremely quickly. (Speed+++)


Message History

You closely miss the bat. The bat closely misses you.
You hit the bat.
The bat is moderately wounded.
The bat closely misses you. The bat barely misses you. The bat misses you.
You miss the bat.
The bat is moderately wounded.
The bat misses you.
A kobold comes into view. It is wielding a +0 whip.
The bat closely misses you.
You hit the bat.
The bat is severely wounded.
The bat closely misses you. The bat barely misses you.
You hit the bat.
You kill the bat!
You see here a bat corpse.
A gnoll comes into view. It is wielding a +0 club.
The gnoll shouts!
Found a whip.
The kobold shouts!
You hit the kobold.
The kobold is moderately wounded.
You hear an angry hiss.
The kobold misses you.
You hit the kobold.
You kill the kobold!
A bat comes into view.
You hit the gnoll.
The gnoll is moderately wounded.
The gnoll hits you with a +0 club.
You barely miss the gnoll.
The gnoll is moderately wounded.
The bat misses you. The gnoll hits you with a +0 club!
Ouch! That really hurt!
* * * LOW HITPOINT WARNING * * *
The bat misses you. The bat attacks as you move away! The bat hits you.
You die...

........#.#
...PP.P...#
.PP.P.PP..#
.P....PP..
...PP....#
...P.PP..#
......gP.# ##+##
..PPPPP.b###...##
.....).)@##.....##
.##.####.........##
#. ##.........#
+.........+
#.........#
##..†.)..##
##.....####
##......r#
#..####.#


You could see a gnoll and a bat.

Vanquished Creatures
  A dart slug (D:1)
  A hobgoblin (D:1)
  2 ball pythons (D:1)
  2 bats (D:1)
  2 frilled lizards (D:1)
  2 goblins (D:1)
  A kobold (D:1)
  2 rats (D:1)
13 creatures vanquished.

Notes
Turn   | Place    | Note
-------+----------+-------------------------------------------
     0 | D:1      | gzilladon the Spriggan Enchanter began the quest for the
                  | Orb.
     0 | D:1      | Reached XP level 1. HP: 9/9 MP: 5/5
   127 | D:1      | Reached XP level 2. HP: 8/13 MP: 7/7
   178 | D:1      | Found Nefathr Comy's Antique Armour Boutique.
   277 | D:1      | Slain by a bat

Illustrated notes

Levels and vault maps discovered:
D:1:      minmay_arrival_split_and_join, layout_loops_corners, serial_shops,
          nicolae_square_shop, nicolae_shop_temple_entry_statues_fountains,
          nicolae_diamond_shop, shop_fountains, shop, nicolae_grassy_gnolls

Skill      XL: |  1 |
---------------+----+-----
Spellcasting   | 3 |  3.0
Short Blades   | |  1.3
Dodging        | |  2.7
Stealth        | |  4.8
Hexes          | |  3.9

Action                   || total
-------------------------++-------
Melee: Dagger            ||    35
 Stab: Sleeping          ||     3
Armor: Robe              ||     2
Dodge: Dodged            ||    28

Table legend: (Time is in decaauts)
 A = Elapsed time spent in this place.
 B = Non-inter-level travel time spent in this place.
 C = Inter-level travel time spent in this place.
 D = Time resting spent in this place.
 E = Time spent auto-exploring this place.
 F = Levels seen in this place.
 G = Mean time per level.
                   A        B        C        D        E       F      G
               +--------+--------+--------+--------+--------+-----+--------+
         Total |    182 |    158 |     24 |      0 |      0 |   1 |  182.0 |
       Dungeon |    182 |    158 |     24 |      0 |      0 |   1 |  182.0 |
               +--------+--------+--------+--------+--------+-----+--------+

Top non-repeatable levels by time:
     D:1: 182 daAuts
